 Dungeon Crawl Stone Soup version 0.24.0-7-gb3623d2c88 (webtiles) character file.

Game seed: 892672486247475283, levelgen mode: deterministic

79 Aviak the Firebug (level 4, 0/45 HPs)
             Began as a Demonspawn Fire Elementalist on Nov 2, 2019.
             Killed from afar by an orc wizard (1 damage)
             ... with a puff of flame
             ... on level 3 of the Dungeon.
             The game lasted 00:05:47 (2364 turns).

Aviak the Firebug (Demonspawn Fire Elementalist)    Turns: 2364, Time: 00:05:47

Health: 0/45       AC: 22    Str: 15 (18) XL:     4   Next: 17%
Magic:  7/7        EV:  2    Int: 15 (17) God:
Gold:   111        SH:  4    Dex: 16 (18) Spells: 5/8 levels left

rFire    + . .     SeeInvis .   v - +2 whip (drain)
rCold    + . .     Gourm    .   n - +0 buckler
rNeg     + + +     Faith    .   (armour currently unavailable)
rPois    +         Spirit   .   (helmet currently unavailable)
rElec    +         Reflect  .   (cloak currently unavailable)
rCorr    +         Harm     .   (gloves currently unavailable)
MR       .....     NoTele   +   (boots currently unavailable)
Stlth    +++.......             (no amulet)
HPRegen  0.15/turn              i - +4 ring of strength
MPRegen  0.10/turn              E - +2 ring of evasion

@: mighty, agile, tree-form, resistant, hasted, very quick
A: powered by pain 1
a: no special abilities


You were on level 3 of the Dungeon.
You were hungry.
You were a tree.
You visited 1 branch of the dungeon, and saw 3 of its levels.

You collected 111 gold pieces.

Inventory:

Hand Weapons
 b - a +0 hand axe
 v - a +2 whip of draining (weapon)
Armour
 a - a +0 robe
 g - a +0 leather armour (melded)
 n - a +0 buckler (worn)
Jewellery
 i - a +4 ring of strength (left branch)
 E - a +2 ring of evasion (right branch)
Scrolls
 e - 2 scrolls of fog
 h - 2 scrolls of blinking {unknown}
 j - 3 scrolls of identify {unknown}
 l - 4 scrolls of remove curse {unknown}
 p - a scroll of magic mapping {unknown}
 q - a scroll of amnesia {unknown}
 s - a scroll of noise {unknown}
 t - a scroll of random uselessness {unknown}
 u - a scroll of enchant armour {unknown}
Potions
 f - a potion of might
Comestibles
 c - 5 rations


   Skills:
 - Level 2.3 Dodging
 - Level 1.7 Stealth
 + Level 0.6 Shields
 + Level 2.6 Spellcasting
 + Level 2.1 Conjurations
 + Level 3.2 Fire Magic


You had 5 spell levels left.
You knew the following spells:

 Your Spells              Type           Power        Failure   Level  Hunger
a - Flame Tongue          Conj/Fire      ##...        11%         1    #......
b - Throw Flame           Conj/Fire      ##....       16%         2    ###....

Your spell library contained the following spells:

 Spells                   Type           Power        Failure   Level  Hunger
 Conjure Flame            Conj/Fire      ##......     30%         3    ###....
 Inner Flame              Hex/Fire       #.......     43%         3    ###....
 Sticky Flame             Conj/Fire      ##......     71%         4    #####..
 Fireball                 Conj/Fire      ##........   96%         5    ######.


Dungeon Overview and Level Annotations

Branches:
Dungeon (3/15)

Altars:


Innate Abilities, Weirdness & Mutations

((You have a pair of small horns on your head.))
You sometimes gain a little power by taking damage.
((You are partially covered in sharp spines.))


Message History

Something hits you but does no damage.
The orc wizard hits you but does no damage.
You block something's attack.
It was a potion of haste.
You feel yourself speed up.
The orc wizard casts a spell.
The orc wizard blinks!
You hear some strange, mumbled words.
A puff of flame appears from out of thin air!
The puff of flame hits you. You resist.
* * * LOW HITPOINT WARNING * * *
Unknown command.
You aren't carrying any items that you can evoke.
As you read the scroll labeled LIVONW BIWKIE, it crumbles to dust.
The scroll dissolves into smoke.
It was a scroll of fog.
Something hits you but does no damage.
You miss something.
You hear some strange, mumbled words.
A puff of flame appears from out of thin air!
The puff of flame hits you. You resist.
You die...

#########
##.##.......####.
...........§.....
#<§§o§....#
#.#{§§o#.##
#.#♣#§## #.§§#...
#.### #... ...#
.##. ..#.# #
##.#.. #


You could see an orc wizard.

Vanquished Creatures
  An adder (D:3)
  An ooze (D:2)
  A worm (D:2)
  5 dart slugs
  An orc (D:3)
  4 giant cockroaches
  7 hobgoblins
  5 jackals (D:2)
  3 ball pythons (D:2)
  2 bats
  4 frilled lizards
  6 goblins
  5 kobolds
  7 rats
52 creatures vanquished.

Notes
Turn   | Place    | Note
-------+----------+-------------------------------------------
     0 | D:1      | Aviak the Demonspawn Fire Elementalist began the quest for
                  | the Orb.
     0 | D:1      | Reached XP level 1. HP: 13/13 MP: 3/3
   655 | D:1      | Gained mutation: You sometimes gain a little power by
                  | taking damage. [demonic ancestry]
   655 | D:1      | Reached XP level 2. HP: 13/19 MP: 5/5
   659 | D:1      | Learned a level 2 spell: Throw Flame
   873 | D:1      | Reached skill level 3 in Fire Magic
   971 | D:1      | Gained mutation: You are partially covered in sharp spines.
                  | [demonic ancestry]
   971 | D:1      | Reached XP level 3. HP: 21/24 MP: 0/6
  1963 | D:2      | Gained mutation: You have a pair of small horns on your
                  | head. [demonic ancestry]
  1963 | D:2      | Reached XP level 4. HP: 15/30 MP: 7/7
  2362 | D:3      | HP: 1/45 [something/puff of flame (2)]
  2364 | D:3      | Killed from afar by an orc wizard

Levels and vault maps discovered:
D:1:      eino_arrival_cavern_b, layout_basic
D:2:      layout_loops_ring, first_ration
D:3:      layout_basic, nemelex_lonely_heart_becter

Skill      XL: |  1  2  3 |
---------------+----------+-----
Dodging        | 2 |  2.3
Fire Magic     | 3 |  3.2
Conjurations   | 2 |  2.1
Stealth        | |  1.7
Shields        | |  0.6
Spellcasting   | |  2.6

Action                   |  1- 3 |  4- 6 || total
-------------------------+-------+-------++-------
Melee: Hand axe          |   103 |       ||   103
       Whip              |       |     6 ||     6
       Headbutt          |       |     1 ||     1
 Cast: Flame Tongue      |    24 |       ||    24
       Throw Flame       |     1 |       ||     1
  Use: Potion            |       |     6 ||     6
       Scroll            |       |     1 ||     1
 Stab: Sleeping          |     4 |       ||     4
  Eat: Chunk             |     4 |       ||     4
Armor: Robe              |     4 |       ||     4
       Leather armour    |    16 |     1 ||    17
       Skin              |       |    16 ||    16
Dodge: Dodged            |    80 |     5 ||    85
Block: Buckler           |    11 |     5 ||    16
